AoeStats
← Chiripa605

Nomad

508099867Analyzed
3v3 RM · 11d ago on Sep 20, 2026· 37m 30s· 6 players
Game mode
Random Map
Map size
210×210
Population
200
Speed
Normal
Resources
Standard
Victory
Conquest
Starting age
Dark Age
Ending age
Imperial Age
RankedLock teamsTeams togetherTeam positionsShared explorationLock speedFull tech treeHidden civsTurbo modeCheats
Victory
Defeat
🇦🇷 Persians · Argentina
1522
+14
🇺🇾 Turks · Uruguay
1513
+14
🇦🇷 Italians · Argentina
1427
+18
🇪🇸 Wei · Spain
1566
-18
🇨🇦 Ethiopians · Canada
1480
-16
🇺🇸 Malians · United States
1379
-12
Mycorrhizal
5:18 Loom
14:33 Feudal Age
21:04 Castle Age
19:19 Fletching
21:13 Padded Archer Armor
21:11 Crossbowman
24:48 Double-Bit Axe
31:34 Bodkin Arrow
33:00 Town Watch
33:51 Wheelbarrow
33:40 Leather Archer Armor
33:27 Scale Mail Armor
37:20 Thumb Ring
Chiripa605
4:37 Loom
13:36 Feudal Age
15:21 Double-Bit Axe
20:58 Castle Age
21:57 Medium Warships
23:47 Forging
24:07 Fishing Lines
26:06 Wheelbarrow
36:05 Bow Saw
TandemTooth
4:29 Loom
14:20 Feudal Age
14:53 Double-Bit Axe
16:48 Fletching
28:16 Castle Age
27:07 Gold Mining
28:55 Bodkin Arrow
32:18 Wheelbarrow
31:58 Stone Mining
32:39 Bow Saw
32:33 Fishing Lines
34:52 Thumb Ring
Lexa
3:15 Loom
12:26 Feudal Age
13:39 Town Watch
15:36 Double-Bit Axe
16:24 Gold Mining
16:38 Fletching
21:35 Padded Archer Armor
25:36 Castle Age
24:01 Stone Mining
26:24 Thumb Ring
26:27 Bodkin Arrow
26:54 Crossbowman
33:33 Leather Archer Armor
34:21 Ballistics
35:35 Silk Road
35:54 Pikeman
le ignacio
4:56 Loom
13:56 Feudal Age
16:55 Town Watch
17:23 Double-Bit Axe
19:50 Forging
23:34 Castle Age
22:06 Horse Collar
22:31 Fletching
35:44 Scale Barding Armor
36:47 Bloodlines
37:19 Iron Casting
37:08 Chain Barding Armor
[GGnT] Nanito_Uy
3:21 Loom
13:38 Feudal Age
16:32 Scale Barding Armor
16:48 Horse Collar
21:17 Double-Bit Axe
26:03 Castle Age
24:54 Gold Mining
27:47 Bloodlines
28:06 Chain Barding Armor
33:17 Heavy Plow
Connection lost

Rejoining the realm…

Still unreachable

The connection could not be restored.

Session expired

The server has moved on; the page needs a fresh start.